Map: 死亡光环-天梯版

Players

TIME (Oliveira) - Winner!

  • Race: Terran Terran

夜蝶蝶蝶蝶蝶蝶蝶 (Firefly)

  • Race: Protoss Protoss
  • League: Master

Event: DreamHack SC2 Masters 2020 Winter

VOD

Have the link to the VOD?

Description

Time

  • Played on: Oct. 28, 2020, 9:07 a.m.
  • Length: 20:25

All games in this series

Show
View Real Time Build Order
Export as new Build Order

TIME Terran - Winner!

Build Orders:  

Get SALT Encoding   

  12  0:00  SCV  
  13  0:12  SCV  
  14  0:17  Supply Depot  
  14  0:24  SCV  
  15  0:38  SCV  
  15  0:41  Barracks  
  16  0:45  Refinery  
  16  0:50  SCV  
  17  1:02  SCV  
  18  1:14  SCV  
  19  1:28  Marine, Orbital Command  
  20  1:47  Command Center  
  20  1:51  Factory  
  20  1:55  SCV  
  21  2:05  Barracks Reactor  
  21  2:07  SCV  
  22  2:09  Supply Depot  
  22  2:19  SCV  
  23  2:31  SCV  
  24  2:44  SCV  
  25  2:45  Hellion x2  
  25  2:47  Barracks Tech Lab  
  29  2:54  Command Center  
  29  2:59  Orbital Command  
  29  3:02  SCV  
  30  3:13  Cyclone  
  30  3:15  SCV  
  30  3:16  Marine  
  30  3:17  Marine  
  36  3:25  SCV  
  37  3:28  Barracks  
  37  3:29  SCV  
  38  3:34  Marine x2  
  38  3:37  SCV, Supply Depot  
  38  3:41  SCV  
  42  3:45  Barracks  
  42  3:49  Siege Tank  
  42  3:50  SCV  
  42  3:54  Refinery  
  46  3:59  SCV  
  46  4:00  Marine x2  
  46  4:02  SCV  
  50  4:06  Bunker  
  50  4:08  Orbital Command  
  50  4:16  Barracks Tech Lab  
  50  4:18  SCV, Bunker  
  50  4:23  SCV  
  52  4:25  Marine  
  52  4:26  Marine  
  52  4:28  Siege Tank  
  52  4:30  SCV  
  58  4:33  Engineering Bay  
  58  4:35  SCV  
  59  4:39  SCV  
  59  4:41  Marine  
  59  4:43  SCV  
  62  4:46  Refinery  
  62  4:47  Marine  
  62  4:48  Supply Depot  
  62  4:51  Stimpack  
  62  4:52  SCV  
  64  4:54  Marine  
  64  4:58  SCV  
  64  4:59  SCV  
  68  5:03  Refinery  
  68  5:07  Terran Infantry Weapons Level 1  
  68  5:08  SCV  
  68  5:10  Barracks Tech Lab  
  68  5:11  Marine  
  68  5:14  Marine x2  
  70  5:16  SCV  
  70  5:18  Supply Depot  
  70  5:20  Supply Depot  
  72  5:22  SCV  
  72  5:24  SCV  
  72  5:27  Siege Tank  
  77  5:32  Barracks  
  77  5:34  Barracks  
  77  5:39  Marine, SCV  
  77  5:41  Supply Depot, SCV  
  80  5:43  Combat Shield  
  80  5:46  Orbital Command  
  80  5:47  Marauder  
  82  5:53  Marauder  
  82  5:55  SCV  
  82  5:57  Starport, SCV  
  85  6:02  Marine x2  
  87  6:07  Supply Depot, SCV  
  87  6:09  SCV  
  90  6:11  SCV  
  90  6:13  Marauder  
  90  6:15  Siege Tank  
  95  6:18  Supply Depot  
  95  6:19  SCV  
  95  6:20  Barracks Tech Lab  
  95  6:21  SCV, Barracks Reactor  
  95  6:23  SCV  
  98  6:26  Marauder, Missile Turret, Marine  
  98  6:28  Marine  
  98  6:32  SCV, Supply Depot  
  103  6:33  SCV  
  103  6:34  Starport Reactor  
  103  6:35  SCV  
  105  6:40  Concussive Shells, Marauder  
  105  6:42  Marauder  
  105  6:44  SCV  
  105  6:45  SCV  
  105  6:46  Marine  
  112  6:47  SCV  
  112  6:48  Supply Depot  
  112  6:50  Supply Depot x2  
  112  6:52  Marauder  
  115  6:56  SCV, Siege Tank, Marine  
  115  6:58  SCV  
  115  6:59  SCV  
  122  7:01  Terran Infantry Armor Level 1  
  122  7:05  Missile Turret  
  122  7:06  Marauder, Refinery  
  122  7:07  Refinery  
  124  7:10  Marauder  
  124  7:11  Medivac  
  124  7:15  Marauder, Marine x2  
  131  7:17  Medivac, Bunker  
  131  7:21  SCV x2  
  134  7:25  Marine x2, SCV  
  134  7:26  Supply Depot  
  134  7:28  Marauder  
  139  7:31  Missile Turret  
  139  7:34  Marine  
  139  7:35  Siege Tank, Marine  
  139  7:36  Marine, Marauder  
  147  7:41  Armory  
  147  7:42  Engineering Bay  
  147  7:43  Marine  
  147  7:47  Marine  
  147  7:49  Marauder  
  147  7:50  Medivac  
  152  7:52  Marine  
  153  7:58  Marine  
  153  7:59  Marauder  
  153  8:01  Marine  
  153  8:03  Medivac  
  153  8:05  Supply Depot  
  157  8:08  Command Center  
  157  8:09  Supply Depot  
  157  8:26  Marine x2  
  157  8:27  Marauder  
  159  8:31  Terran Infantry Weapons Level 2  
  159  8:32  Marine x2, Marauder  
  156  8:34  SCV  
  156  8:35  Missile Turret  
  156  8:37  SCV  
  156  8:38  SCV  
  156  8:39  Marine  
  135  8:54  Marine x2  
  135  8:55  Marauder  
  110  8:56  SCV x3  
  110  8:58  Terran Infantry Armor Level 2  
  110  9:00  Marine x2, Marauder  
  113  9:03  Siege Tank  
  114  9:12  Marine x2  
  114  9:13  Viking x2  
  114  9:16  SCV x2, Marauder  
  121  9:17  SCV  
  121  9:18  Marine, Barracks  
  121  9:19  Marine x2  
  121  9:20  Barracks  
  121  9:21  Barracks  
  125  9:27  Bunker, Marauder, Ghost Academy  
  125  9:28  SCV  
  125  9:30  Marine, Marauder  
  131  9:33  SCV  
  131  9:36  Siege Tank  
  131  9:37  Sensor Tower  
  137  9:38  Marauder  
  137  9:41  Marine x2  
  137  9:43  Missile Turret  
  137  9:44  SCV  
  140  9:45  Missile Turret  
  140  9:46  Planetary Fortress  
  140  9:48  Marine  
  140  9:52  Viking  
  143  9:54  Viking  
  143  9:56  Marauder  
  149  10:00  Marauder  
  149  10:03  Marauder  
  149  10:04  Enhanced Shockwaves  
  151  10:07  Barracks Tech Lab x2, Barracks Reactor  
  151  10:09  Siege Tank  
  151  10:11  Marine  
  151  10:14  Supply Depot  
  155  10:16  Marine x2  
  155  10:17  Ghost  
  155  10:21  Ghost  
  159  10:22  Marine  
  159  10:24  Ghost  
  159  10:27  Marauder  
  166  10:29  Missile Turret, Marauder, Marine  
  166  10:34  Supply Depot, Marine  
  170  10:35  Medivac  
  170  10:36  Supply Depot  
  170  10:37  Viking  
  170  10:39  Marine  
  170  10:40  Marine  
  176  10:43  Marine  
  176  10:44  Marine  
  176  10:46  Marine  
  176  10:47  Marine  
  176  10:48  Siege Tank  
  176  10:49  Marauder, Terran Infantry Weapons Level 3  
  185  10:50  Marine  
  185  10:51  Marine  
  187  10:57  Marine x2  
  187  10:58  Marauder  
  187  11:02  Marine x2, Command Center  
  193  11:05  Refinery  
  193  11:07  Refinery  
  193  11:09  Marauder x2  
  193  11:10  Marauder  
  199  11:29  Marine  
  197  11:39  Marine x2  
  179  11:40  Marauder, Siege Tank  
  179  11:42  Marine  
  179  11:43  Ghost x2  
  179  11:47  Marine x2  
  184  11:49  SCV x2, Command Center  
  184  11:51  Command Center  
  184  11:53  SCV  
  189  12:00  Missile Turret  
  189  12:04  Marine  
  189  12:05  Marine x2  
  189  12:07  Marauder  
  189  12:11  Marine  
  189  12:12  Marine, Marauder  
  176  12:16  SCV  
  176  12:17  Marine  
  176  12:19  Medivac x2  
  176  12:20  Siege Tank  
  180  12:23  Barracks Tech Lab  
  180  12:26  SCV  
  180  12:28  Marine  
  182  12:30  SCV x2, Missile Turret  
  182  12:33  Marine x3  
  182  12:36  Ghost  
  189  12:40  Missile Turret  
  189  12:54  Supply Depot  
  189  12:56  Terran Infantry Armor Level 3  
  189  13:00  Marauder x2, Marine x2, Ghost, Siege Tank  
  200  13:13  Marine  
  200  13:14  Medivac  
  200  13:16  Marine  
  200  13:33  Medivac  
  196  13:39  Marine x2  
  196  13:40  Marauder  
  177  13:46  Marine  
  177  13:47  Marauder  
  159  13:49  Marine  
  159  13:50  Marauder  
  159  13:51  Marine  
  159  13:52  Marauder  
  159  13:55  Marine  
  143  13:56  Siege Tank, Viking  
  143  13:57  Ghost  
  143  14:01  Planetary Fortress  
  143  14:02  Marine x2, Planetary Fortress  
  150  14:03  Marauder  
  150  14:09  Marine x2  
  153  14:10  Marauder  
  153  14:11  Viking  
  153  14:14  Marine x2, Marauder  
  162  14:19  Missile Turret, Marine  
  162  14:20  Marine  
  164  14:24  Marauder  
  164  14:29  Marine x2  
  164  14:30  Medivac  
  175  14:31  Marauder, Missile Turret, Siege Tank  
  175  14:33  Marine x2  
  175  14:35  Ghost  
  175  14:38  Marauder  
  183  14:44  Marine  
  183  14:45  Marine  
  182  14:46  Marauder  
  182  14:47  Marine x2  
  182  14:52  Viking  
  172  15:03  Marine  
  172  15:06  Marine x2, Marauder  
  159  15:07  Siege Tank, Viking  
  159  15:10  Marauder x2, Terran Ship Weapons Level 1  
  159  15:11  Ghost  
  159  15:12  Marine x2, Marauder  
  164  15:21  Marine x2  
  164  15:27  Marine  
  164  15:28  Marauder  
  156  15:31  Marine  
  156  15:33  Marine  
  156  15:34  Marauder  
  154  15:36  Marine  
  154  15:39  Marine  
  154  15:41  Siege Tank  
  154  15:42  Medivac x2  
Show
View Real Time Build Order
Export as new Build Order

夜蝶蝶蝶蝶蝶蝶蝶 Protoss 

Build Orders: 1 Gate Expand, Blink Stalkers, Colossus Rush 

Get SALT Encoding   

  12  0:00  Probe  
  13  0:12  Probe  
  14  0:17  Pylon  
  14  0:24  Probe  
  15  0:36  Gateway, Probe (Chrono Boost)  
  16  0:43  Assimilator  
  16  0:48  Probe (Chrono Boost)  
  17  0:53  Probe (Chrono Boost)  
  18  1:03  Probe  
  19  1:15  Probe  
  20  1:23  Cybernetics Core  
  20  1:34  Nexus  
  20  1:38  Pylon  
  20  1:41  Probe  
  21  1:47  Assimilator  
  21  1:53  Probe  
  22  1:56  Adept (Chrono Boost)  
  22  2:00  Warp Gate  
  24  2:05  Probe  
  25  2:17  Probe  
  26  2:23  Twilight Council  
  26  2:29  Probe  
  27  2:31  Stalker (Chrono Boost)  
  29  2:42  Probe  
  30  2:48  Probe  
  31  2:54  Probe  
  32  2:58  Stalker (Chrono Boost)  
  32  3:00  Probe  
  32  3:05  Gateway  
  35  3:06  Probe  
  35  3:12  Probe  
  37  3:13  Gateway  
  37  3:14  Blink (Chrono Boost)  
  37  3:18  Probe  
  38  3:26  Stalker  
  40  3:33  Probe  
  41  3:36  Probe  
  41  3:39  Robotics Facility  
  42  3:45  Probe  
  42  3:46  Pylon  
  43  3:53  Probe  
  44  3:57  Probe  
  44  3:59  Pylon  
  45  4:05  Pylon  
  45  4:07  Pylon  
  45  4:09  Stalker x2  
  49  4:11  Pylon  
  49  4:13  Probe  
  49  4:14  Probe  
  51  4:23  Gateway  
  51  4:25  Probe  
  51  4:26  Observer (Chrono Boost), Probe  
  54  4:35  Assimilator  
  54  4:37  Assimilator, Probe  
  54  4:38  Probe  
  56  4:44  Robotics Bay  
  56  4:49  Probe  
  56  4:52  Observer  
  58  4:54  Probe  
  59  5:01  Probe  
  59  5:02  Pylon  
  59  5:06  Pylon  
  60  5:08  Probe  
  60  5:15  Probe  
  60  5:18  Forge, Charge, Nexus  
  61  5:25  Probe  
  61  5:28  Colossus (Chrono Boost)  
  61  5:30  Probe  
  68  5:37  Probe  
  68  5:39  Extended Thermal Lance  
  68  5:41  Shield Battery  
  69  5:43  Gateway, Probe  
  70  5:51  Protoss Ground Weapons Level 1 (Chrono Boost)  
  70  5:52  Gateway x2  
  70  5:53  Probe  
  70  5:55  Probe  
  72  6:04  Stalker  
  72  6:06  Stalker  
  72  6:09  Stalker  
  78  6:12  Probe  
  78  6:13  Probe  
  80  6:23  Colossus (Chrono Boost)  
  86  6:31  Probe x2 (Chrono Boost)  
  86  6:32  Probe (Chrono Boost)  
  89  6:36  Dark Shrine  
  89  6:39  Probe x2 (Chrono Boost)  
  92  6:40  Probe (Chrono Boost)  
  92  6:41  Gateway  
  92  6:44  Gateway  
  92  6:45  Observer  
  92  6:46  Probe  
  93  6:51  Probe  
  93  6:54  Probe  
  95  6:57  Assimilator  
  95  6:58  Assimilator, Pylon, Probe  
  96  7:02  Pylon  
  96  7:07  Pylon  
  96  7:12  Probe  
  96  7:13  Probe x2  
  96  7:14  Warp Prism (Chrono Boost)  
  101  7:28  Nexus  
  101  7:36  Sentry  
  103  7:37  Pylon, Zealot x4  
  103  7:41  Sentry x2  
  103  7:43  Stalker  
  117  7:50  Pylon  
  117  8:06  Zealot x5  
  117  8:08  Dark Templar x3  
  117  8:10  Protoss Ground Armor Level 1 (Chrono Boost)  
  133  8:15  Pylon  
  133  8:16  Pylon  
  133  8:29  Zealot x3  
  133  8:30  Zealot  
  138  8:34  Zealot  
  140  8:42  Zealot x2  
  140  8:43  Zealot  
  140  8:46  Colossus (Chrono Boost)  
  134  8:50  Stalker x4  
  118  9:01  Probe x2  
  118  9:02  Zealot x3  
  122  9:04  Zealot, Shield Battery  
  124  9:15  Shadow Stride (Chrono Boost)  
  124  9:19  Probe  
  124  9:20  Shield Battery, Probe x3  
  128  9:25  Assimilator  
  128  9:27  Photon Cannon  
  128  9:28  Shield Battery, Sentry  
  128  9:31  Dark Templar  
  132  9:32  Colossus (Chrono Boost), Zealot  
  132  9:37  Dark Templar x2  
  132  9:38  Dark Templar x2  
  148  9:41  Probe  
  148  9:42  Probe x2  
  148  9:44  Forge  
  151  9:52  Probe  
  151  9:54  Probe x2  
  151  9:58  Protoss Ground Weapons Level 2  
  153  10:02  Photon Cannon, Dark Templar x2  
  157  10:07  Pylon  
  157  10:10  Dark Templar x3  
  157  10:11  Dark Templar  
  157  10:14  Warp Prism (Chrono Boost)  
  167  10:25  Nexus  
  167  10:28  Shield Battery  
  167  10:29  Photon Cannon  
  167  10:36  Dark Templar x2  
  167  10:42  Zealot x4  
  179  10:45  Gravitic Drive (Chrono Boost)  
  179  10:53  Protoss Ground Armor Level 2  
  179  10:57  Zealot  
  179  11:01  Pylon  
  179  11:04  Pylon  
  179  11:09  Photon Cannon  
  179  11:21  Stalker, Nexus  
  179  11:22  Stalker x5  
  187  11:28  Stalker x2  
  150  11:48  Zealot x6  
  150  11:52  Probe x2  
  150  11:53  Probe  
  163  11:54  Pylon, Probe  
  162  12:03  Pylon  
  162  12:05  Pylon  
  162  12:07  Pylon  
  142  12:10  Pylon  
  127  12:18  Stalker  
  127  12:19  Stalker x7  
  127  12:20  Warp Prism (Chrono Boost)  
  145  12:27  Probe x2  
  146  12:34  Nexus  
  145  12:49  Colossus (Chrono Boost)  
  151  13:02  Pylon  
  143  13:26  Dark Templar x8  
  148  13:37  Archon  
  88  13:58  Stalker x5  
  88  13:59  Stalker x2  
  88  14:00  Dark Templar  
  104  14:06  Colossus (Chrono Boost)  
  104  14:07  Probe  
  111  14:18  Probe x2  
  111  14:19  Nexus, Probe  
  114  14:27  Dark Templar x6  
  114  14:28  Zealot  
  126  14:49  Dark Templar x2  
  118  15:04  Archon  
  102  15:10  Dark Templar x3  
  102  15:11  Zealot x3  
  102  15:12  Probe x3  
  117  15:24  Nexus  
  105  15:34  Dark Templar x3  
  105  15:35  Zealot x2  
  83  15:42  Nexus  
Tags
 
Add a new tag
Caveats
  • Supply blocks, unpowered buildings, or Contaminate may cause inaccurate times.
  • Supply counts are checked every 10 seconds.